 Dungeon Crawl Stone Soup version 0.31-a0-229-g1fc7ce93e2 (webtiles) character file.

Game seed: 2347656864418996178

131114 porpoise the Spry (level 17, -3/133 HPs)
             Began as a Merfolk Enchanter on July 5, 2023.
             Was the Champion of Dithmenos.
             Slain by a wolf spider (14 damage)
             ... on level 3 of the Spider Nest on July 6, 2023.
             The game lasted 03:40:59 (35935 turns).

porpoise the Spry (Merfolk Enchanter)              Turns: 35935, Time: 03:41:00

Health: -3/133     AC: 20    Str:  7 (8)  XL:     17   Next: 9%
Magic:  24/24      EV: 18    Int: 17      God:    Dithmenos [******]
Gold:   1474       SH:  0    Dex: 22 (23) Spells: 12/26 levels left

rFire   . . .        a - +2 dagger (drain)
rCold   + . .        m - +3 buckler of Sif Muna's Grace {rElec rCorr SInv}
rNeg    . . .        u - +4 ring mail {rC+}
rPois   +            N - +2 hat
rElec   +            e - +0 cloak
rCorr   +            O - +0 pair of gloves {Dex+3}
SInv    +            F - +1 pair of boots
Will    +....        j - amulet of regeneration
Stlth   +++          k - ring of poison resistance
HPRegen 1.22/turn    C - +4 ring of protection
MPRegen 0.19/turn

%: no passive effects
@: confused, lethally poisoned (-3 -> -3), ambrosia-drunk, wreathed by umbra,
studying Unarmed Combat
A: (nimble swimmer 2), mertail, screaming 1
a: Renounce Religion, Shadow Step, Shadow Form


You were on level 3 of the Spider Nest.
You worshipped Dithmenos.
Dithmenos was exalted by your worship.
You visited 5 branches of the dungeon, and saw 26 of its levels.
You also visited: Ossuary.

You collected 2391 gold pieces.
You spent 917 gold pieces at shops.

Inventory:

Hand Weapons
 a - a +2 dagger of draining (weapon)
 b - the +2 dagger of Touca {vamp, rF++}
   (You found it on level 2 of the Lair of Beasts)

   rF:        It greatly protects you from fire.
 c - a +3 scimitar of flaming
 i - a +2 heavy eveningstar
 w - a +1 spectral demon blade
Missiles
 g - 63 poisoned darts (quivered)
 h - 12 curare-tipped darts
Armour
 e - a +0 cloak (worn)
 l - the +1 leather armour "Ruicrisa" {Fly}
   (You found it on level 2 of the Spider Nest)

   Fly:       It grants you flight.
 m - the +3 buckler of Sif Muna's Grace (worn) {rElec rCorr SInv}
   (You acquired it on level 5 of the Dungeon)

   rElec:     It insulates you from electricity.
   SInv:      It lets you see invisible.
   rCorr:     It protects you from acid and corrosion.
 u - a +4 ring mail of cold resistance (worn)
 F - a +1 pair of boots (worn)
 N - a +2 hat (worn)
 O - a +0 pair of gloves of dexterity (worn)
Jewellery
 j - an amulet of regeneration (around neck)
 k - a ring of poison resistance (left hand)
 n - an amulet of faith
 C - a +4 ring of protection (right hand)
Wands
 o - a wand of mindburst (4)
 t - a wand of light (2)
 E - a wand of flame (23)
 G - a wand of paralysis (23)
 M - a wand of iceblast (4)
Scrolls
 d - 2 scrolls of enchant weapon
 p - a scroll of noise
 q - a scroll of revelation
 r - 2 scrolls of vulnerability
 I - 2 scrolls of fog
 Q - 2 scrolls of butterflies
Potions
 f - a potion of cancellation
 x - 3 potions of enlightenment
 z - 3 potions of lignification
 D - 6 potions of attraction
 K - 4 potions of ambrosia
 L - a potion of magic
 X - a potion of resistance
Miscellaneous
 S - a phantom mirror


   Skills:
 - Level 12.0 Fighting
 - Level 10.0(10.5) Short Blades
 + Level 5.0(8.1) Long Blades
 - Level 3.0 Armour
 - Level 16.0 Dodging
 - Level 14.0 Stealth
 - Level 5.0 Shields
 - Level 5.0 Spellcasting
 - Level 7.0 Conjurations
 + Level 12.3 Hexes
 - Level 10.0 Ice Magic
 - Level 9.0 Invocations
 - Level 7.0 Evocations


You had 12 spell levels left.
You knew the following spells:

 Your Spells              Type           Power      Damage    Failure   Level
a - Confusing Touch       Hex            46%        N/A       1%          3
d - Dazzling Flash        Conj/Hex       74%        N/A       4%          3
e - Ensorcelled Hibernat  Hex/Ice        84%        N/A       1%          2
s - Hailstorm             Conj/Ice       33%        3d8       6%          3
t - Tukima's Dance        Hex            46%        N/A       1%          3

Your spell library contained the following spells:

 Spells                   Type           Power      Damage    Failure   Level
 Shock                    Conj/Air       64%        1d7       17%         1
 Portal Projectile        Hex/Tloc       50%        N/A       17%         3
 Leda's Liquefaction      Hex/Erth       12%        N/A       50%         4
 Apportation              Tloc           8%         N/A       56%         1
 Necrotise                Necr           16%        1d4       56%         1
 Summon Small Mammal      Summ           16%        N/A       56%         1
 Mephitic Cloud           Conj/Pois/Air  12%        N/A       63%         3
 Ice Form                 Ice/Tmut       21%        N/A       65%         4
 Cigotuvi's Dreadful Rot  Necr/Pois/Air  8%         N/A       71%         2
 Passwall                 Tmut/Erth      3%         N/A       71%         2
 Poisonous Vapours        Pois/Air       8%         N/A       71%         2
 Iskenderun's Battlesphe  Conj           28%        2d8       73%         5
 Freezing Cloud           Conj/Ice/Air   11%        6-21      89%         5
 Call Canine Familiar     Summ           4%         N/A       91%         3
 Ignite Poison            Fire/Tmut/Pois 4%         N/A       91%         3
 Swiftness                Air            4%         N/A       91%         3
 Airstrike                Air            2%         2d(1-17)  100%        4
 Dispel Undead            Necr           4%         3d7       100%        4
 Death Channel            Necr           2%         N/A       100%        6
 Leda's Unmaking          Conj/Erth      8%         9d2       100%        6
 Simulacrum               Ice/Necr       10%        N/A       100%        6
 Spellforged Servitor     Conj/Summ      8%         N/A       100%        7


Dungeon Overview and Level Annotations

Branches:
Dungeon (15/15)            Temple (1/1) D:6            Lair (5/5) D:11
 Shoals (0/4) Lair:2       Spider (3/4) Lair:2        Slime (0/5) Lair:4
    Orc (2/2) D:12            Elf (0/3) Orc:2        Vaults (0/5) D:13
 Depths (0/4) D:15        Ossuary (visited)

Altars:
Ashenzari
Cheibriados
Dithmenos
Elyvilon
Fedhas
Gozag
Hepliaklqana
Kikubaaqudgha
Makhleb
Nemelex Xobeh
Okawaru
Qazlal
Ru
Sif Muna
Trog
Uskayaw
Vehumet
Wu Jian
Xom
Yredelemnul
Zin
The Shining One
Jiyva

Shops:
D:10 =   D:11 *   D:14 *   Orc:1 [   Orc:2 [?(*(

Portals:
Trove: D:10 (show abyssal rune of Zot)

Annotations:
D:4 2 transporters, Leavold's ghost, amateur HuFi
D:5 2 runed translucent doors, AwFulAwFulPlayer's ghost, novice TeHu
D:14 Roxanne
Lair:1 exclusion: oklob plant


Innate Abilities, Weirdness & Mutations

((You are very nimble when in or above water. (Stealth+, EV+, Speed+++)))
Your lower body shifts to a powerful aquatic tail in water.
You occasionally shout uncontrollably at your foes.


Message History

The wolf spider hits you but does no damage.
The wolf spider closely misses you.
The culicivora bites you but does no damage.
The redback closely misses you. The wolf spider misses you.
The wolf spider bites you but does no damage.
You feel very sick. The culicivora barely misses you.
The wolf spider hits you but does no damage.
The wolf spider misses you. The redback closely misses you.
You feel sick.
The culicivora bites you but does no damage.
The wolf spider hits you.
* * * LOW HITPOINT WARNING * * *
The wolf spider bites you but does no damage.
The redback bites you but does no damage.
The wolf spider's wounds heal themselves!
The wolf spider misses you. The wolf spider closely misses you.
The wolf spider's many legs skitter.
You feel less invigorated.
You feel less confused.
You feel sick. The culicivora misses you. The wolf spider closely misses you.
The wolf spider bites you but does no damage.
Okay, then.
Okay, then.
You are confused.
You feel invigorated.
You feel sick.
The culicivora bites you but does no damage.
The wolf spider completely misses you. The wolf spider misses you.
The wolf spider barely misses you. The wolf spider misses you.
The redback closely misses you. The culicivora barely misses you.
The wolf spider completely misses you.
The wolf spider bites you but does no damage.
The wolf spider completely misses you.
The wolf spider bites you but does no damage.
The redback bites you but does no damage.
You barely miss the redback.
You feel sick. The culicivora bites you.
* * * LOW HITPOINT WARNING * * *
The culicivora draws strength from your injuries!
The wolf spider hits you!
You die...

########## #.........
#s@..>.).. #sss......
........# #.......#..
......... ............
......... .............
.........>..............
...............#........
#........?..............
#........


You could see 2 wolf spiders, a culicivora and a redback.

Vanquished Creatures
  Saint Roka (Orc:1)
  Arachne (Spider:2)
  Rupert (D:15)
  Kirke (D:14)
  Donald (Spider:1)
  Aizul (Spider:1)
  An emperor scorpion (Spider:2)
  A stone giant (D:15)
  A broodmother (Spider:1)
  Azrael (Orc:2)
  Fannar (Lair:2)
  4 vault guards (D:13)
  2 entropy weavers
  2 jorogumos (Spider:1)
  11 hydras
  5 boulder beetles
  2 catoblepae
  A radroach (Spider:1)
  3 centaur warriors (D:13)
  2 two-headed ogres
  4 tengu warriors
  A death knight (D:15)
  6 demonic crawlers
  4 death yaks (Lair:3)
  Sonja (D:12)
  3 skysharks
  7 pharaoh ants
  A skeletal warrior (D:15)
  A goliath frog (Lair:5)
  3 orb spiders
  3 harpies (Lair:2)
  2 steelbarb worms
  Pikel (D:7)
  A deep elf pyromancer (D:15)
  2 orc knights (Orc:2)
  3 orc sorcerers
  7 wolf spiders
  An oklob plant (D:11)
  A cyclops (D:11)
  2 manticores
  A moth of wrath (Spider:2)
  12 ugly things
  3 black mambas
  Joseph (D:9)
  4 torpor snails
  17 elephants
  A gargoyle (D:13)
  23 cane toads
  2 efreet (D:15)
  An unseen horror (shapeshifter) (D:15)
  2 freezing wraiths (D:15)
  4 kobold demonologists
  Psyche (D:9)
  3 rime drakes
  3 tengu conjurers
  6 komodo dragons
  A queen bee (Lair:3)
  7 tarantellas
  2 tyrant leeches (Lair:5)
  3 polar bears
  3 trolls
  A meliai (shapeshifter) (D:13)
  Grinder (D:3)
  33 blink frogs
  15 jumping spiders
  3 shadows
  14 slime creatures
  2 wyverns
  A vampire (D:11)
  10 culicivoras
  8 humans
  5 wraiths
  32 yaks
  5 basilisks
  2 fire elementals (Orc:2)
  A steam dragon (D:8)
  47 redbacks
  8 vampire mosquitoes
  2 wargs (Orc:1)
  2 acid dragons
  4 hell hounds (Orc:2)
  39 orc warriors
  9 water moccasins
  2 black bears
  7 ogres
  20 centaurs
  18 wolves
  3 lemures (D:7)
  8 kobold brigands
  3 elf zombies (Ossuary)
  23 bullfrogs
  2 scorpions (D:5)
  6 gnoll sergeants
  8 wights
  33 killer bees
  4 howler monkeys
  An electric eel (Lair:5)
  2 centaur zombies (Ossuary)
  4 hounds
  2 gnoll boudas (D:6)
  7 human zombies (Ossuary)
  29 orc priests
  3 sleepcaps
  Jessica (D:12)
  3 iguanas
  28 orc wizards
  A boggart simulacrum (D:15)
  3 mummies (Ossuary)
  Robin (D:3)
  22 gnolls
  3 adders
  A shadow imp (D:8)
  A white imp (D:6)
  An ufetubus (D:7)
  4 worms
  3 dart slugs
  88 orcs
  5 ball pythons
  7 endoplasms
  A giant cockroach (D:4)
  20 goblins
  5 hobgoblins
  4 jackals (D:5)
  6 quokkas
  4 bats (D:1)
  3 frilled lizards (D:1)
  30 kobolds
  An orc zombie (D:5)
  7 rats
879 creatures vanquished.

Vanquished Creatures (collateral kills)
  Asterion (Spider:1)
1 creature vanquished.

Vanquished Creatures (others)
  A vault guard (D:13)
  A human (D:14)
  A hell hound (Orc:2)
3 creatures vanquished.

Grand Total: 883 creatures vanquished

Notes
Turn   | Place    | Note
-------+----------+-------------------------------------------
     0 | D:1      | porpoise the Merfolk Enchanter began the quest for the Orb.
     0 | D:1      | Reached XP level 1. HP: 13/13 MP: 3/3
   210 | D:1      | Reached XP level 2. HP: 19/19 MP: 5/5
   213 | D:1      | Learned a level 2 spell: Ensorcelled Hibernation
   396 | D:1      | Found a faded altar of an unknown god.
   820 | D:2      | Reached XP level 3. HP: 24/24 MP: 3/6
  1252 | D:2      | Reached skill level 1 in Ice Magic
  1276 | D:2      | Reached XP level 4. HP: 11/30 MP: 8/8
  2586 | D:3      | Noticed Robin
  2785 | D:3      | Killed Robin
  2947 | D:3      | Noticed Grinder
  2957 | D:3      | Paralysed by Grinder for 2 turns
  2969 | D:3      | Killed Grinder
  2970 | D:3      | Reached skill level 5 in Stealth
  2970 | D:3      | Reached XP level 5. HP: 7/35 MP: 9/9
  2970 | D:3      | Reached XP level 6. HP: 8/41 MP: 10/10
  3323 | D:4      | You fall into a shaft and drop 1 floor!
  3323 | D:5      | Entered Level 5 of the Dungeon
  3324 | D:5      | Identified a scroll of acquirement
  3324 | D:5      | Acquired the +3 buckler of Sif Muna's Grace {rElec rCorr
                  | SInv}
  3335 | D:5      | Learned a level 3 spell: Confusing Touch
  3339 | D:5      | Learned a level 3 spell: Tukima's Dance
  3421 | D:5      | Reached skill level 5 in Ice Magic
  3425 | D:5      | Reached XP level 7. HP: 23/46 MP: 0/11
  3913 | D:5      | Found a sand-covered staircase.
  3932 | Ossuary  | Entered an ossuary
  4038 | Ossuary  | Reached skill level 5 in Hexes
  4150 | Ossuary  | Reached XP level 8. HP: 44/52 MP: 12/12
  4411 | Ossuary  | Reached skill level 1 in Fighting
  4568 | D:5      | Found a runed translucent door.
  4584 | D:5      | Noticed AwFulAwFulPlayer's ghost (novice TeHu)
  4609 | D:5      | Reached skill level 1 in Shields
  4678 | D:5      | Found a runed translucent door.
  4934 | D:4      | Found Holoty's Assorted Antiques.
  5053 | D:4      | Found a transporter.
  5053 | D:4      | Noticed Leavold's ghost (amateur HuFi)
  5055 | D:4      | Found a transporter.
  5055 | D:4      | Identified the +7 great mace "Kid Rixe" {pain, Dex+3}
  6080 | D:6      | Found a broken altar of Ashenzari.
  6548 | D:6      | Reached XP level 9. HP: 60/65 MP: 13/13
  6940 | D:6      | Found a staircase to the Ecumenical Temple.
  6996 | Temple   | Entered the Ecumenical Temple
  7012 | Temple   | Became a worshipper of Dithmenos the Shadowed
  7616 | D:7      | Reached skill level 5 in Fighting
  7840 | D:7      | Reached skill level 3 in Dodging
  7848 | D:7      | Reached skill level 5 in Shields
  8250 | D:8      | Reached skill level 4 in Dodging
  8270 | D:7      | Reached skill level 1 in Evocations
  8493 | D:8      | Noticed Pikel
  8538 | D:7      | Reached * piety under Dithmenos
  8628 | D:7      | Killed Pikel
  8629 | D:7      | Reached skill level 5 in Dodging
  9059 | D:8      | Reached skill level 6 in Dodging
  9059 | D:8      | Reached XP level 10. HP: 62/74 MP: 14/14
  9428 | D:8      | Reached skill level 5 in Short Blades
 10011 | D:9      | Noticed Joseph
 10024 | D:9      | Killed Joseph
 10025 | D:9      | Reached skill level 7 in Dodging
 10209 | D:9      | Found a shimmering altar of Xom.
 10247 | D:9      | Found a radiant altar of Vehumet.
 10249 | D:9      | Found a sparkling altar of Nemelex Xobeh.
 10266 | D:9      | Noticed a two-headed ogre
 10267 | D:9      | Noticed Psyche
 10282 | D:9      | Killed Psyche
 10285 | D:9      | Killed a two-headed ogre
 10286 | D:9      | Reached skill level 8 in Dodging
 10286 | D:9      | Reached skill level 5 in Evocations
 10560 | D:9      | Reached ** piety under Dithmenos
 11024 | D:9      | Reached skill level 9 in Dodging
 11187 | D:10     | Entered Level 10 of the Dungeon
 11469 | D:10     | Found a shimmering blue altar of Sif Muna.
 11507 | D:10     | Reached XP level 11. HP: 78/80 MP: 15/15
 11709 | D:10     | Found a portal to a secret trove of treasure.
 11964 | D:10     | Found Kiqoesm's Jewellery Shop.
 12223 | D:10     | Noticed a six-headed hydra
 12226 | D:10     | Killed a six-headed hydra
 12602 | D:11     | Found a staircase to the Lair.
 12603 | D:11     | Noticed an oklob plant
 12636 | D:11     | Reached *** piety under Dithmenos
 12993 | D:11     | Found Wimpag's Elemental Accessories.
 12994 | D:11     | Noticed a cyclops
 13002 | D:11     | Killed a cyclops
 13003 | D:11     | Reached skill level 10 in Short Blades
 13395 | D:11     | Killed an oklob plant
 13545 | Lair:1   | Entered Level 1 of the Lair of Beasts
 13673 | Lair:1   | Reached skill level 1 in Invocations
 13673 | Lair:1   | Reached XP level 12. HP: 79/95 MP: 16/16
 13694 | Lair:1   | Reached skill level 1 in Armour
 14074 | Lair:1   | Reached **** piety under Dithmenos
 15210 | Lair:1   | Upgraded the game from 0.31-a0-221-gbddc013574 to
                  | 0.31-a0-222-gefeffbb62a
 15510 | Lair:2   | Found a staircase to the Shoals.
 15518 | Lair:2   | Reached skill level 5 in Invocations
 15542 | Lair:2   | Identified the +2 dagger of Touca {vamp, rF++}
 16043 | Lair:2   | Found a hole to the Spider Nest.
 16047 | Lair:2   | Noticed a skyshark
 16067 | Lair:2   | Killed a skyshark
 16068 | Lair:2   | Reached skill level 10 in Stealth
 16197 | Lair:2   | Noticed Fannar
 16199 | Lair:2   | Reached skill level 5 in Spellcasting
 16207 | Lair:2   | Noticed a skyshark
 16605 | Lair:2   | Killed Fannar
 16606 | Lair:2   | Reached XP level 13. HP: 82/102 MP: 16/20
 16895 | Lair:3   | Reached skill level 10 in Fighting
 16895 | Lair:3   | Reached skill level 10 in Dodging
 16950 | Lair:3   | Reached ***** piety under Dithmenos
 17841 | Lair:3   | Reached skill level 11 in Dodging
 18012 | Lair:3   | Reached skill level 10 in Hexes
 19034 | Lair:4   | Found a viscous altar of Jiyva.
 19034 | Lair:4   | Found a staircase to the Slime Pits.
 19057 | Lair:4   | Identified the +2 pair of boots "Zigeed" {Will+ MP-9 Str+4
                  | Stlth+}
 19087 | Lair:4   | Reached skill level 12 in Dodging
 19372 | Lair:4   | Identified the +4 quarterstaff of Nemelex Xobeh's Regard
                  | {heavy, rElec}
 20841 | D:12     | Found a staircase to the Orcish Mines.
 20880 | D:12     | Reached XP level 14. HP: 114/114 MP: 8/21
 21328 | D:12     | Found a sparkling altar of Nemelex Xobeh.
 21328 | D:12     | Noticed Jessica
 21332 | D:12     | Killed Jessica
 21381 | D:12     | Noticed Sonja
 21384 | D:12     | Killed Sonja
 21711 | D:13     | Reached skill level 13 in Dodging
 22874 | D:13     | Found a gate to the Vaults.
 23226 | D:13     | Reached skill level 14 in Dodging
 23315 | D:14     | Noticed Kirke
 23364 | D:14     | Killed Kirke
 23584 | D:14     | Learned a level 3 spell: Dazzling Flash
 23724 | D:14     | Reached skill level 1 in Conjurations
 23765 | D:14     | Found Vumpes's Demolitions Depot.
 23886 | D:14     | Identified Roxanne's Omnibus of Topomancy
 23886 | D:14     | Noticed Roxanne
 23993 | D:14     | Reached ****** piety under Dithmenos
 24322 | D:15     | Entered Level 15 of the Dungeon
 24987 | D:15     | Reached XP level 15. HP: 120/120 MP: 22/22
 25212 | D:15     | Noticed Rupert
 25239 | D:15     | Killed Rupert
 25746 | D:15     | Found a staircase to the Depths.
 26061 | Lair:1   | Upgraded the game from 0.31-a0-222-gefeffbb62a to
                  | 0.31-a0-229-g1fc7ce93e2
 26065 | Lair:1   | Learned a level 3 spell: Hailstorm
 26105 | Lair:5   | Entered Level 5 of the Lair of Beasts
 26362 | Lair:5   | Reached skill level 5 in Conjurations
 28714 | Orc:1    | Entered Level 1 of the Orcish Mines
 28714 | Orc:1    | Found a radiant altar of Vehumet.
 28857 | Orc:2    | Entered Level 2 of the Orcish Mines
 28882 | Orc:2    | Found a staircase to the Elven Halls.
 29120 | Orc:2    | Found Ygenuqoa's General Store.
 29137 | Orc:2    | Bought 3 scrolls of blinking for 315 gold pieces
 29137 | Orc:2    | Bought a potion of curing for 42 gold pieces
 29137 | Orc:2    | Bought a potion of curing for 42 gold pieces
 29332 | Orc:1    | Found Booramn's Armour Shop.
 30511 | Orc:1    | Reached XP level 16. HP: 127/127 MP: 18/23
 30540 | Orc:2    | Noticed Saint Roka
 30591 | Orc:1    | Killed Saint Roka
 30752 | Orc:2    | Noticed Azrael
 30775 | Orc:2    | Killed Azrael
 31270 | Orc:2    | Found Nego's Antique Armour Emporium.
 31286 | Orc:2    | Found Enosit Zewk's Antique Weapon Shoppe.
 31409 | Orc:2    | Found Gittoduff's Antique Weapon Shop.
 31491 | Orc:2    | Found Plog's Magic Scroll Shop.
 31577 | Orc:2    | Bought a glowing ring mail for 259 gold pieces
 31587 | Orc:2    | Bought an embroidered hat for 259 gold pieces
 31883 | Spider:1 | Entered Level 1 of the Spider Nest
 31976 | Spider:1 | Noticed Donald
 32018 | Spider:1 | Killed Donald
 32115 | Spider:1 | Noticed Aizul
 32140 | Spider:1 | HP: 6/127 [Aizul/bolt of poison (8)]
 32286 | Spider:1 | Noticed Asterion
 32478 | Spider:1 | Gained mutation: You occasionally shout uncontrollably at
                  | your foes. [a cacodemon]
 32482 | Spider:1 | Killed Asterion
 32923 | Spider:1 | Killed Aizul
 33198 | Spider:1 | Reached skill level 15 in Dodging
 33766 | Spider:2 | Reached skill level 10 in Ice Magic
 33852 | Spider:2 | Noticed Arachne
 34216 | Spider:2 | Killed Arachne
 34217 | Spider:2 | Reached skill level 1 in Long Blades
 34902 | Spider:2 | Reached skill level 16 in Dodging
 35365 | Spider:2 | Reached XP level 17. HP: 91/133 MP: 24/24
 35415 | Spider:2 | Identified the +1 leather armour "Ruicrisa" {Fly}
 35885 | Spider:3 | Reached skill level 5 in Long Blades
 35929 | Spider:3 | HP: 1/133 [wolf spider (8)]
 35935 | Spider:3 | Slain by a wolf spider

Illustrated notes

Levels and vault maps discovered:
D:1:      dpeg_arrival_shelter, layout_basic, basic_ecumenical_altar,
          kennysheep_crisscross, st_stairs_1
D:2:      layout_basic
D:3:      layout_loops_ring, uniq_robin, uniq_grinder
D:4:      wad_pebble_path, layout_loops_corners, serial_shops,
          nicolae_shop_just_a_little_nook, gammafunk_ghost_smash,
          minmay_misc_feat_rugged, chequers_mini_garden
D:5:      layout_loops_cross, enter_ossuary_3, ebering_ghost_sewer_f
D:6:      layout_rooms, lemuel_round_altar, minmay_temple_entry_statues
D:7:      layout_basic
D:8:      layout_cave_pools, uniq_pikel
D:9:      layout_irregular_city, nicolae_overflow_hidden_temple, uniq_psyche,
          uniq_joseph
D:10:     layout_loops_ring, nicolae_sif_muna_little_library, serial_shops,
          nicolae_shop_gaudy_bauble, nicolae_trove_entry_free_sample,
          solitary_fountain, serial_bayou_pond_c, grunt_ministairs_11
D:11:     layout_roguey, dpeg_oklobed_lair, corexii_mini_fake_secret_closet,
          nicolae_elemental_shop, serial_bayou_pond_a
D:12:     layout_stronghold, kennysheep_orc_monster_closet_entryway,
          nemelex_lonely_heart_becter, uniq_sonja
D:13:     layout_loops_ring, ximxim_vaults_locker_room, minmay_misc_feat_room,
          drop_trap
D:14:     layout_irregular_city, nicolae_blasting_shop, uniq_roxanne, uniq_kirke
D:15:     grunt_enter_depths_snipers, layout_stronghold, nicolae_wwwww,
          uniq_rupert
Temple:   sentei_temple_godly_chess
Lair:1:   minmay_lair_oklob_chamber, layout_chaotic_city, grunt_megastairs_5
Lair:2:   layout_cave_pods, nicolae_shoals_entry_roost, dummy_spider_entry,
          nicolae_lair_run_with_the_wolves, uniq_fannar
Lair:3:   layout_concentric_octagons, special_room [special_room_bee],
          lemuel_fruit_fields
Lair:4:   layout_cave_pods, dpeg_slime_entry_enclosed, st_stairs_9
Lair:5:   minmay_lair_end_frog_pond, layout_misc_corridors
Spider:1: layout_spider_delve, uniq_donald, uniq_asterion, uniq_aizul
Spider:2: layout_spider_delve, uniq_arachne
Spider:3: layout_spider_delve, ebering_ghost_disaster_area
Orc:1:    layout_caves, basic_altar, serial_shops, shop
Orc:2:    grunt_orc_community_town_hall, layout_caves,
          grunt_orc_community_big_house_1, grunt_orc_community_big_house_2,
          grunt_orc_community_house_1, grunt_orc_community_house_3,
          grunt_orc_community_house_3, grunt_orc_community_house_2,
          grunt_orc_community_house_2, grunt_orc_community_house_3,
          serial_shops, shop, basic_altar, david_defended_altar_orc, uniq_azrael

Skill      XL: |  1  2  3  4  5  6  7  8  9 10 11 12 13 14 15 16 17 |
---------------+----------------------------------------------------+-----
Ice Magic      | 1 4 5 7 10 | 10.0
Stealth        | 5 6 7 10 13 14 | 14.0
Spellcasting   | 3 5 |  5.0
Hexes          | 5 7 9 10 12 | 12.3
Fighting       | 3 5 9 11 12 | 12.0
Shields        | 3 5 |  5.0
Dodging        | 6 9 12 14 16 | 16.0
Short Blades   | 4 7 10 | 10.0
Evocations     | 3 5 7 |  7.0
Invocations    | 1 5 6 7 8 9 |  9.0
Armour         | 3 |  3.0
Conjurations   | 3 6 7 |  7.0
Long Blades    | 4 5 |  5.0

Action                     |  1- 3 |  4- 6 |  7- 9 | 10-12 | 13-15 | 16-18 || total
---------------------------+-------+-------+-------+-------+-------+-------++-------
  Melee: Dagger            |   113 |    91 |   586 |   911 |  1236 |   657 ||  3594
         Punch             |     1 |       |       |       |       |       ||     1
         Scimitar          |       |       |       |       |    31 |       ||    31
         Demon blade       |       |       |       |       |       |    56 ||    56
   Fire: Sling             |       |    31 |    24 |    48 |       |       ||   103
  Throw: Dart              |       |     1 |     6 |     6 |    13 |    14 ||    40
   Cast: Ensorcelled Hiber |     3 |     5 |    19 |    62 |   273 |   119 ||   481
         Tukima's Dance    |       |       |       |     4 |       |       ||     4
         Confusing Touch   |       |       |       |     7 |    33 |    31 ||    71
         Hailstorm         |       |       |       |       |       |     7 ||     7
         Dazzling Flash    |       |       |       |       |       |     1 ||     1
 Invoke: Shadow Step       |       |       |       |       |       |     1 ||     1
  Evoke: Wand              |       |       |       |     3 |    21 |    23 ||    47
         Phantom mirror    |       |       |       |       |       |     1 ||     1
    Use: Potion            |     1 |     3 |     1 |     2 |     6 |    27 ||    40
         Scroll            |       |     5 |     9 |    10 |    11 |    10 ||    45
   Stab: Sleeping          |    11 |     5 |    23 |    49 |   203 |   106 ||   397
         Invisible         |       |     2 |       |       |     2 |     8 ||    12
         Distracted        |       |       |     1 |     1 |     7 |     7 ||    16
         Confused          |       |       |       |    10 |    42 |    27 ||    79
         Paralysed         |       |       |       |       |       |     1 ||     1
 Armour: Robe              |    14 |    12 |    62 |    23 |       |       ||   111
         Acid dragon scale |       |       |       |    91 |   135 |       ||   226
         Ring mail         |       |       |       |       |   178 |   259 ||   437
  Dodge: Dodged            |    65 |    58 |   380 |   607 |   872 |   815 ||  2797
  Block: Buckler           |       |       |   202 |   387 |   575 |   411 ||  1575

Table legend: (Time is in decaauts)
 A = Elapsed time spent in this place.
 B = Non-inter-level travel time spent in this place.
 C = Inter-level travel time spent in this place.
 D = Time resting spent in this place.
 E = Time spent auto-exploring this place.
 F = Levels seen in this place.
 G = Mean time per level.
                   A        B        C        D        E       F      G
               +--------+--------+--------+--------+--------+-----+--------+
         Total |  34701 |  33277 |   1424 |  11205 |  13984 |  27 | 1285.2 |
       Dungeon |  18260 |  17493 |    767 |   4921 |   8924 |  15 | 1217.3 |
        Temple |     20 |     20 |      0 |      0 |      0 |   1 |   20.0 |
          Lair |   9040 |   8616 |    424 |   3222 |   3329 |   5 | 1808.0 |
   Spider Nest |   3803 |   3791 |     12 |   1841 |    750 |   3 | 1267.7 |
  Orcish Mines |   2946 |   2727 |    219 |    943 |    896 |   2 | 1473.0 |
       Ossuary |    629 |    629 |      0 |    277 |     85 |   1 |  629.0 |
               +--------+--------+--------+--------+--------+-----+--------+

Top non-repeatable levels by time:
Spider:1: 2517 daAuts
  Lair:1: 2165 daAuts
  Lair:5: 1948 daAuts
   Orc:2: 1770 daAuts
  Lair:2: 1724 daAuts
  Lair:4: 1709 daAuts
     D:7: 1703 daAuts
    D:13: 1597 daAuts
    D:15: 1538 daAuts
  Lair:3: 1491 daAuts
    D:11: 1239 daAuts
    D:12: 1227 daAuts
     D:4: 1211 daAuts
     D:8: 1208 daAuts
     D:3: 1195 daAuts
